SAA
BETHESDA ATOMS @ DURHAM RAPIERS
09/16/2028
 
TOP OF THE 1ST
Bethesda Atoms batting - Pitching for Durham Rapiers : RHP Christian Harris
Pitching: RHP Christian Harris
Batting: RHB Héctor Amador 0-0: Ball
1-0: Called Strike
1-1: Ball
2-1: Ball
3-1: Base on Balls
Batting: RHB Jorge Cortéz 0-0: Foul Ball, location: 2F
0-1: Foul Ball, location: 2F
0-2: DOUBLE (Line Drive, 7LM)
Héctor Amador to third
Batting: SHB Nuygen Vuong 0-0: Ball
1-0: SINGLE (Line Drive, 9LS)
Héctor Amador scores
Jorge Cortéz to third
Batting: RHB Albert Zamudio 0-0: Called Strike
0-1: Foul Ball, location: 2F
0-2: Ball
1-2: Foul Ball, location: 2F
1-2: Fly out, F9 (Flyball, 89XD)
Runner from 3rd tags up, SCORES, no throw
Batting: RHB Patrick Eggen 0-0: Ball
Nuygen Vuong steals 2nd base
1-0: Ball
2-0: Ball
3-0: Base on Balls
Batting: RHB Carlos Deleón 0-0: Ball
1-0: Grounds into double play, 5-4-3 (Groundball, 56)
Top of the 1st over - 2 run(s), 2 hit(s), 0 error(s), 1 left on base; Bethesda 2 - Durham 0
BOTTOM OF THE 1ST
Durham Rapiers batting - Pitching for Bethesda Atoms : LHP Phil Miller
Pitching: LHP Phil Miller
Batting: RHB António Díaz 0-0: Ball
1-0: Ball
2-0: Ball
3-0: Base on Balls
Batting: RHB Tomás Costello 0-0: Called Strike
0-1: Called Strike
0-2: Ball
1-2: Ball
2-2: Ball
3-2: Foul Ball, location: 2F
3-2: Foul Ball, location: 2F
3-2: Foul Ball, location: 2F
3-2: Foul Ball, location: 2F
3-2: DOUBLE (Line Drive, 78D)
António Díaz to third
António Díaz scores
Batting: RHB Guillermo Mata 0-0: Ball
1-0: Ground out 6-3 (Groundball, 6)
Batting: RHB Vincent Klein 0-0: Called Strike
0-1: Foul Ball, location: 2F
0-2: Strikes out looking
Batting: LHB Alberto Garza 0-0: Foul Ball, location: 2F
0-1: SINGLE (Groundball, 3) (infield hit)
Tomás Costello to third
Batting: RHB Dave Sienna 0-0: Fly out, F8 (Flyball, 78M)
Bottom of the 1st over - 1 run(s), 2 hit(s), 0 error(s), 2 left on base; Bethesda 2 - Durham 1
TOP OF THE 2ND
Bethesda Atoms batting - Pitching for Durham Rapiers : RHP Christian Harris
Batting: SHB Pedro Ortega 0-0: Ball
1-0: Foul Ball, location: 2F
1-1: Ball
2-1: Ball
3-1: Swinging Strike
3-2: Strikes out looking
Batting: RHB Renato Zuvic 0-0: Foul Ball, location: 2F
0-1: Ball
1-1: Ball
2-1: Foul Ball, location: 2F
2-2: Foul Ball, location: 2F
2-2: Strikes out swinging
Batting: RHB Raúl Francisco 0-0: Foul Ball, location: 2F
0-1: Swinging Strike
0-2: Ball
1-2: Strikes out swinging
Top of the 2nd over - 0 run(s), 0 hit(s), 0 error(s), 0 left on base; Bethesda 2 - Durham 1
BOTTOM OF THE 2ND
Durham Rapiers batting - Pitching for Bethesda Atoms : LHP Phil Miller
Batting: LHB Davis Anderson 0-0: Called Strike
0-1: SINGLE (Groundball, 34D)
Batting: SHB Carlos Chávez 0-0: Called Strike
0-1: Swinging Strike
0-2: Strikes out looking
Batting: RHB Luis Martínez 0-0: Ball
1-0: SINGLE (Flyball, 8RS)
Davis Anderson to second
Batting: RHB António Díaz 0-0: Grounds into double play, 1-4-3 (Groundball, 15)
Bottom of the 2nd over - 0 run(s), 2 hit(s), 0 error(s), 1 left on base; Bethesda 2 - Durham 1
TOP OF THE 3RD
Bethesda Atoms batting - Pitching for Durham Rapiers : RHP Christian Harris
Batting: RHB Héctor Amador 0-0: Ball
1-0: Ground out 1-3 (Groundball, P)
Batting: RHB Jorge Cortéz 0-0: Ball
1-0: Swinging Strike
1-1: SINGLE (Groundball, 6S) (infield hit)
Batting: SHB Nuygen Vuong 0-0: Ball
1-0: Called Strike
1-1: Swinging Strike
1-2: Foul Ball, location: 2F
1-2: Strikes out looking
Batting: RHB Albert Zamudio 0-0: Ball
1-0: Called Strike
1-1: Swinging Strike
1-2: Ball
2-2: Foul Ball, location: 2F
2-2: Ball
3-2: Strikes out looking
Top of the 3rd over - 0 run(s), 1 hit(s), 0 error(s), 1 left on base; Bethesda 2 - Durham 1
BOTTOM OF THE 3RD
Durham Rapiers batting - Pitching for Bethesda Atoms : LHP Phil Miller
Batting: RHB Tomás Costello 0-0: Called Strike
0-1: Fly out, F9 (Flyball, 9S)
Batting: RHB Guillermo Mata 0-0: Ball
1-0: Foul Ball, location: 2F
1-1: Foul Ball, location: 2F
1-2: Ball
2-2: Strikes out swinging
Batting: RHB Vincent Klein 0-0: Ball
1-0: Ball
2-0: Called Strike
2-1: Ball
3-1: Base on Balls
Batting: LHB Alberto Garza 0-0: Ball
1-0: Ball
2-0: DOUBLE (Line Drive, 7LS)
Vincent Klein to third
Batting: RHB Dave Sienna 0-0: Ball
1-0: Foul Ball, location: 2F
1-1: Ground out 4-3 (Groundball, 4)
Bottom of the 3rd over - 0 run(s), 1 hit(s), 0 error(s), 2 left on base; Bethesda 2 - Durham 1
TOP OF THE 4TH
Bethesda Atoms batting - Pitching for Durham Rapiers : RHP Christian Harris
Batting: RHB Patrick Eggen 0-0: Ball
1-0: Foul Ball, location: 2F
1-1: Called Strike
1-2: Foul Ball, location: 2F
1-2: Ball
2-2: Ball
3-2: Foul Ball, location: 2F
3-2: Foul Ball, location: 2F
3-2: SINGLE (Flyball, 34D)
Batting: RHB Carlos Deleón 0-0: Swinging Strike
0-1: Ball
1-1: Ball
2-1: Swinging Strike
2-2: Grounds into double play, 5-4-3 (Groundball, 56)
Batting: SHB Pedro Ortega 0-0: Ball
1-0: Foul Ball, location: 2F
1-1: Ball
2-1: Foul Ball, location: 2F
2-2: Strikes out swinging
Top of the 4th over - 0 run(s), 1 hit(s), 0 error(s), 0 left on base; Bethesda 2 - Durham 1
BOTTOM OF THE 4TH
Durham Rapiers batting - Pitching for Bethesda Atoms : LHP Phil Miller
Batting: LHB Davis Anderson 0-0: Ball
1-0: Swinging Strike
1-1: Ball
2-1: SINGLE (Groundball, 34D)
Batting: SHB Carlos Chávez 0-0: Ball
1-0: Called Strike
1-1: Foul Ball, location: 2F
1-2: Ball
2-2: Ball
3-2: Base on Balls
Davis Anderson to second
Batting: RHB Luis Martínez 0-0: Fielders Choice at 2nd, 6-4 (Groundball, 6)
Davis Anderson to third
Batting: RHB António Díaz 0-0: Called Strike
0-1: Ball
1-1: Foul Ball, location: 2F
1-2: Ball
2-2: Foul Ball, location: 2F
2-2: Ball
Luis Martínez steals 2nd base
3-2: Fly out, F2 (Popup, 25)
Batting: RHB Tomás Costello 0-0: Called Strike
0-1: Ball
1-1: Ball
2-1: Foul Ball, location: 2F
2-2: Ball
3-2: Ground out 4-3 (Groundball, 4M)
Bottom of the 4th over - 0 run(s), 1 hit(s), 0 error(s), 2 left on base; Bethesda 2 - Durham 1
TOP OF THE 5TH
Bethesda Atoms batting - Pitching for Durham Rapiers : RHP Christian Harris
Batting: RHB Renato Zuvic 0-0: Fly out, F7 (Line Drive, 7)
Pitching: RHP Stu Noble
Batting: RHB Raúl Francisco 0-0: Called Strike
0-1: Called Strike
0-2: Foul Ball, location: 2F
0-2: Strikes out swinging
Batting: RHB Héctor Amador 0-0: SINGLE (Flyball, 89S)
Batting: RHB Jorge Cortéz 0-0: Called Strike
Héctor Amador steals 2nd base
0-1: Hit by Pitch
Batting: SHB Nuygen Vuong 0-0: Foul Ball, location: 2F
0-1: Foul Ball, location: 2F
0-2: Ball
1-2: Ball
2-2: Foul Ball, location: 2F
2-2: Ball
3-2: Strikes out looking
Top of the 5th over - 0 run(s), 1 hit(s), 0 error(s), 2 left on base; Bethesda 2 - Durham 1
BOTTOM OF THE 5TH
Durham Rapiers batting - Pitching for Bethesda Atoms : LHP Phil Miller
Batting: RHB Guillermo Mata 0-0: Called Strike
0-1: Ball
1-1: Ball
2-1: Ball
3-1: Foul Ball, location: 2F
3-2: Foul Ball, location: 2F
3-2: Strikes out swinging
Batting: RHB Vincent Klein 0-0: Called Strike
0-1: SINGLE (Groundball, 4MD)
Batting: LHB Alberto Garza 0-0: Ball
1-0: Foul Ball, location: 2F
1-1: Hit by Pitch
Vincent Klein to second
Batting: RHB Dave Sienna 0-0: Ball
1-0: Ball
2-0: Ball
Wild Pitch!
Vincent Klein to third
Alberto Garza to second
3-0: Base on Balls
Batting: LHB Davis Anderson 0-0: Ball
1-0: Swinging Strike
1-1: Ball
2-1: Ball
Wild Pitch!
Vincent Klein scores
Alberto Garza to third
Dave Sienna to second
3-1: Foul Ball, location: 2F
3-2: Strikes out swinging
Batting: SHB Carlos Chávez 0-0: Ball
1-0: Fly out, F8 (Flyball, 8LD)
Bottom of the 5th over - 1 run(s), 1 hit(s), 0 error(s), 2 left on base; Bethesda 2 - Durham 2
TOP OF THE 6TH
Bethesda Atoms batting - Pitching for Durham Rapiers : RHP Stu Noble
Batting: RHB Albert Zamudio 0-0: Swinging Strike
0-1: Swinging Strike
0-2: Foul Ball, location: 2F
0-2: Strikes out swinging
Batting: RHB Patrick Eggen 0-0: Ball
1-0: Ground out 6-3 (Groundball, 56)
Batting: RHB Carlos Deleón 0-0: Called Strike
0-1: Ball
1-1: Fly out, F9 (Flyball, 89M)
Top of the 6th over - 0 run(s), 0 hit(s), 0 error(s), 0 left on base; Bethesda 2 - Durham 2
BOTTOM OF THE 6TH
Durham Rapiers batting - Pitching for Bethesda Atoms : LHP Phil Miller
Batting: RHB Luis Martínez 0-0: Ball
1-0: Fly out, F8 (Flyball, 78M)
Batting: RHB António Díaz 0-0: Foul Ball, location: 2F
0-1: Foul Ball, location: 2F
0-2: Ball
1-2: SINGLE (Flyball, 4MD)
Batting: RHB Tomás Costello 0-0: Ball
1-0: Ball
2-0: Grounds into double play, 5-4-3 (Groundball, 56)
Bottom of the 6th over - 0 run(s), 1 hit(s), 0 error(s), 0 left on base; Bethesda 2 - Durham 2
TOP OF THE 7TH
Bethesda Atoms batting - Pitching for Durham Rapiers : RHP Stu Noble
Pinch Hitting: LHB Diego Rosas 0-0: Ball
1-0: Called Strike
1-1: Foul Ball, location: 2F
1-2: Strikes out swinging
Pinch Hitting: RHB Chase Mooney 0-0: Swinging Strike
0-1: Called Strike
0-2: Strikes out swinging
Pinch Hitting: RHB Carlos Ávila 0-0: Ball
1-0: Called Strike
1-1: Called Strike
1-2: Ball
2-2: Foul Ball, location: 2F
2-2: Foul Ball, location: 2F
2-2: Hit by Pitch
Pitching: RHP Dave Seals
Pinch Hitting: RHB Enoch Reinhardt 0-0: Called Strike
0-1: Called Strike
0-2: Strikes out looking
Top of the 7th over - 0 run(s), 0 hit(s), 0 error(s), 1 left on base; Bethesda 2 - Durham 2
BOTTOM OF THE 7TH
Durham Rapiers batting - Pitching for Bethesda Atoms : LHP Phil Miller
Now at 1B: Carlos Soto
Now at 3B: Carlos Ávila
Now at SS: Chase Mooney
Now in RF: Enoch Reinhardt
Batting: RHB Guillermo Mata 0-0: Ball
1-0: Called Strike
1-1: Foul Ball, location: 2F
1-2: Ball
2-2: Hit by Pitch
Batting: RHB Vincent Klein 0-0: Ball
1-0: Foul Ball, location: 2F
1-1: Ball
2-1: Grounds into double play, 4-6-3 (Groundball, 4M)
Pinch Hitting: RHB Edmund Gallagher 0-0: Called Strike
0-1: Ball
1-1: Called Strike
1-2: Ball
2-2: Fly out, F8 (Flyball, 8RD)
Bottom of the 7th over - 0 run(s), 0 hit(s), 0 error(s), 0 left on base; Bethesda 2 - Durham 2
TOP OF THE 8TH
Bethesda Atoms batting - Pitching for Durham Rapiers : RHP Dave Seals
Now in CF: Edmund Gallagher
Batting: RHB Jorge Cortéz 0-0: Swinging Strike
0-1: Swinging Strike
0-2: Fly out, F9 (Flyball, 89M)
Batting: SHB Nuygen Vuong 0-0: Ball
1-0: Foul Ball, location: 2F
1-1: Fly out, F9 (Flyball, 9LM)
Pinch Hitting: LHB Raúl Godines 0-0: Called Strike
0-1: Foul Ball, location: 2F
0-2: Ball
1-2: Foul Ball, location: 2F
1-2: Foul Ball, location: 2F
1-2: Ball
2-2: SOLO HOME RUN (Flyball, 9LD), Distance : 367 ft
Batting: RHB Patrick Eggen 0-0: Fly out, F7 (Flyball, 78M)
Top of the 8th over - 1 run(s), 1 hit(s), 0 error(s), 0 left on base; Bethesda 3 - Durham 2
BOTTOM OF THE 8TH
Durham Rapiers batting - Pitching for Bethesda Atoms : LHP Phil Miller
Pitching: LHP Hakan Yilmanz
Now in CF: Bob Lambert
Batting: RHB Dave Sienna 0-0: Foul Ball, location: 2F
0-1: Ball
1-1: Ball
2-1: Swinging Strike
2-2: Foul Ball, location: 2F
2-2: Strikes out swinging
Batting: LHB Davis Anderson 0-0: Called Strike
0-1: Foul Ball, location: 2F
0-2: Ball
1-2: Foul Ball, location: 2F
1-2: Foul Ball, location: 2F
1-2: Strikes out swinging
Pitching: RHP Will O'Slattery
Batting: SHB Carlos Chávez 0-0: Ball
1-0: Fly out, F7 (Flyball, 7S)
Bottom of the 8th over - 0 run(s), 0 hit(s), 0 error(s), 0 left on base; Bethesda 3 - Durham 2
TOP OF THE 9TH
Bethesda Atoms batting - Pitching for Durham Rapiers : RHP Dave Seals
Pitching: RHP Briggs Bourgeois
Batting: RHB Carlos Deleón 0-0: Called Strike
0-1: Foul Ball, location: 2F
0-2: Ball
1-2: Strikes out swinging
Batting: RHB Carlos Soto 0-0: Ball
1-0: Ground out 6-3 (Groundball, 6)
Batting: RHB Chase Mooney 0-0: Swinging Strike
0-1: Ball
1-1: Called Strike
1-2: Ball
2-2: Strikes out swinging
Top of the 9th over - 0 run(s), 0 hit(s), 0 error(s), 0 left on base; Bethesda 3 - Durham 2
BOTTOM OF THE 9TH
Durham Rapiers batting - Pitching for Bethesda Atoms : RHP Will O'Slattery
Pitching: LHP Holden Rosen Grupp
Batting: RHB Luis Martínez 0-0: Ball
1-0: Swinging Strike
1-1: Fly out, F4 (Popup, 34D)
Batting: RHB António Díaz 0-0: Ball
1-0: Foul Ball, location: 2F
1-1: Ball
2-1: Ball
3-1: Foul Ball, location: 2F
3-2: Base on Balls
Pinch Hitting: RHB Armando Chamú 0-0: Foul Ball, location: 2F
0-1: Foul Ball, location: 2F
0-2: 2-RUN HOME RUN (Flyball, 7LD), Distance : 342 ft
Wednesday, September 6th, 2017 - OOTP Baseball 17.12 Build 75